Nid, lawful female human Samurai -------------------------------- |..............................| ------ |...--------.......-----------.| |....| |...|+++| |------.|..|(((| +.| |...<| ....|+++| |.....|.|..|(((| |.| |....| |...|...|+-|.._..|.-|-|...|---.| |....| |...-|---..|.....|....--|--....| |....| |..........|.....|.............| ##.....| |........{.----|--.{......(....| # ------ |..............................| ### |....|-.-...........-+--|---...| # ........|-------..---..|%..|....########### |...|...|..| +.+..|..|+%!|...| |...|...|..| |.|....-|!+?|...| |...-----@------..-....-----...| |.........@............@.......| -------------------------------- Nid the Kunoichi Experience level: 6 Strength: 18 Dexterity: 16 Constitution: 18 Intelligence: 10 Wisdom: 8 Charisma: 7 Health: 0(69) Energy: 21(21) Def: 7 Gold: 308 Moves: 1520 Dungeon seed: iVMI7gf9Tx7XMs2k Game ID: Nid_1510421100 Your Inventory: Coins $ - 308 gold pieces Weapons a - a +0 katana (weapon in hand) b - a +0 wakizashi (alternate weapon; not wielded) c - a +0 yumi d - 39 +0 ya r - 4 +0 daggers s - 13 cursed -1 arrows (in quiver) Armor e - an uncursed rustproof +0 splint mail (being worn) q - an uncursed +0 pair of water walking boots (being worn) y - an uncursed +0 dwarvish cloak Comestibles h - 6 uncursed gunyoki Scrolls n - an uncursed scroll of teleportation named PC Tools f - an uncursed sack o - a tinning kit (0:41) p - 3 uncursed tallow candles (0:200) Spells and supernatural/magical abilities: Name Level Category Fail Memory W - pray for help -- divine ? -- Your skills at the end: Fighting Skills martial arts [Basic] Weapon Skills short sword [Basic] long sword [Basic] bow [Basic] Spellcasting Skills Final Attributes: You were devoutly aligned. You could walk on water. You were fast. You are dead. Vanquished creatures: 5 gnome lords 3 gnomish wizards 2 giant ants a little dog a kitten a dwarf 3 kobold shamans 2 hill orcs a rothe 2 dwarf zombies an acid blob 4 cave spiders a green mold 17 gnomes 2 goblins 2 sewer rats a grid bug a lichen a kobold zombie 2 newts 53 creatures vanquished. Voluntary challenges: You were an atheist. You used a wielded weapon 75 times, starting on turn 59. You read items or engraved 2 times, starting on turn 1402. You never genocided any monsters. You never polymorphed an object. You never changed form. You used no wishes. You never split a pudding. You never wrote Elbereth's name. You violated your moral code, losing 1 point of alignment, starting on turn 1517. Dungeon overview: The Dungeons of Doom: levels 1 to 2 Level 1 a long staircase Level 2 stairs to The Gnomish Mines The Gnomish Mines: levels 3 to 5 Level 3 stairs to The Dungeons of Doom Level 4 Level 5 <- You were here some shops, a temple to Amaterasu Omikami, some fountains History has recorded: On T:1 you entered the Dungeons of Doom to retrieve the Amulet of Yendor! On T:223 you reached level 2 of The Dungeons of Doom. On T:321 you reached level 1 of The Gnomish Mines. On T:515 you advanced to experience level 2. On T:584 you advanced to experience level 3. On T:603 you advanced to experience level 4. On T:780 you reached level 2 of The Gnomish Mines. On T:867 you advanced to experience level 5. On T:1333 you reached level 3 of The Gnomish Mines. On T:1386 you advanced to experience level 6. Score breakdown: Gold: 308 ( 8469 points) Experience: 6 levels (12456 points) Exploration: 5 levels ( 10.64%) ( 8846 points) Discoveries: 3 items ( 1.22%) ( 3312 points) Valuables value: (no points given unless you survive) Artifact value: 0 ( 0 points) Variety of kills: 20 monsters ( 5.25%) ( 6873 points) Turncount: 1520 turns ( 0 points) Survival: died (score multiplied by 80%) Total score: 31964 Latest messages: The kitten bites! "What lousy pay we're getting here!" The tripe ration misses the watch captain. The watch captain gets angry! The watch captain wields a silver saber! The watch captain swings his silver saber. The watch captain hits! You hit the watch captain! The watch captain swings his silver saber. The watch captain hits! The watch captain swings his silver saber. The watch captain hits! You miss the watch captain. The watch captain swings his silver saber. The watch captain hits! The watch captain swings his silver saber. The watch captain hits! You die... The sack is empty. The sack is empty. Final status: Sayonara Nid the Samurai, killed by a watch captain... You died in The Gnomish Mines on dungeon level 5 with 31964 points, and 308 pieces of gold, after 1520 moves. You were level 6 with a maximum of 69 hit points when you died.